 Dungeon Crawl Stone Soup version 0.30-a0-1160-g6e42c06551 (webtiles) character file.

Game seed: 2846741106510050968

3931 kiwi3s the Fighter (level 10, -7/91 HPs)
             Began as a Minotaur Berserker on Apr 25, 2023.
             Was a Priest of Trog.
             Mangled by a hornet (14 damage)
             ... while paralysed by a hornet
             ... on level 7 of the Dungeon on Apr 26, 2023.
             The game lasted 00:06:38 (5900 turns).

kiwi3s the Fighter (Minotaur Berserker)             Turns: 5900, Time: 00:06:39

Health: -7/91      AC:  5    Str: 26    XL:     10   Next: 1%
Magic:  9/9        EV:  2    Int:  4    God:    Trog [***...]
Gold:   325        SH:  0    Dex: 10    Spells: 9/9 levels left

rFire   . . .        a - +0 hand axe
rCold   . . .        (no shield)
rNeg    . . .        x - +0 troll leather armour
rPois   .            (helmet restricted)
rElec   .            (no cloak)
rCorr   .            (no gloves)
SInv    .            (no boots)
Will    .....        (no amulet)
Stlth   +            (no ring)
HPRegen 1.15/turn    (no ring)
MPRegen 0.11/turn

%: no passive effects
@: paralysed, slowed
A: horns 2, retaliatory headbutt
a: Renounce Religion, Berserk, Trog's Hand


You were on level 7 of the Dungeon.
You worshipped Trog.
Trog was most pleased with you.
You visited 1 branch of the dungeon, and saw 7 of its levels.

You collected 325 gold pieces.

Inventory:

Hand Weapons
 a - a +0 hand axe (weapon)
Armour
 b - a +0 animal skin
 q - a +0 leather armour
 x - a +0 troll leather armour (worn)
Scrolls
 d - 8 scrolls of identify {unknown}
 e - a scroll of fear {unknown}
 f - 5 scrolls of magic mapping {unknown}
 g - a scroll of butterflies {unknown}
 h - a scroll of acquirement {unknown}
 i - 4 scrolls of torment {unknown}
 j - 3 scrolls of enchant armour {unknown}
 k - a scroll of immolation {unknown}
 m - 4 scrolls of teleportation {unknown}
 r - 3 scrolls of noise {unknown}
 u - 2 scrolls of poison {unknown}
 v - 2 scrolls of fog {unknown}
 w - a scroll of vulnerability {unknown}
 y - a scroll of enchant weapon {unknown}
Potions
 c - a potion of haste {unknown}
 l - 3 potions of heal wounds {unknown}
 n - a potion of attraction {unknown}
 o - a potion of mutation {unknown}
 p - 2 potions of might {unknown}
 s - 2 potions of degeneration {unknown}
 t - 2 potions of brilliance {unknown}
 z - 2 potions of resistance {unknown}


   Skills:
 + Level 9.5 Fighting
 + Level 9.4 Axes
 + Level 9.0 Armour
 + Level 8.2 Dodging


You had 9 spell levels left.
You didn't know any spells.
Your spell library was empty.

Dungeon Overview and Level Annotations

Branches:
Dungeon (7/15)             Temple (0/1) D:7

Altars:
Ashenzari
Fedhas
Okawaru
Vehumet
Wu Jian
The Shining One


Innate Abilities, Weirdness & Mutations

You have a pair of horns on your head.
You reflexively headbutt those who attack you in melee.


Message History

The orc misses you.
You hear an angry buzzing noise. 2 kobolds, 2 manticores, a vampire mosquito and an orc come into view.
The kobold demonologist shouts!
The orc shouts!
The kobold shouts!
A kobold comes into view.
It is wielding a +3 short sword of holy wrath.
A kobold brigand comes into view.
It is wielding a +0 whip and quivering poisoned darts.
The orc closely misses you. You furiously retaliate!
You headbutt the orc!
You kill the orc!
Trog accepts your kill.
There is an open door here.
A steam dragon comes into view.
The steam dragon hisses angrily.
A hornet comes into view.
A kobold comes into view. It is wielding a +0 dagger.
The steam dragon moves out of view.
There's a creature in the doorway!
The orc wizard gestures at you while chanting.
The magic dart hits you. The orc wizard casts a spell at you.
You easily resist.
The kobold demonologist gestures wildly while chanting.
You see here a +0 rapier.
The kobold demonologist gestures wildly while chanting.
The orc wizard points at you and mumbles some strange words.
The puff of flame hits you!
You open the door. The hornet stings you!
You suddenly lose the ability to move!
Found a stone staircase leading down.
The hornet stings you!
You feel yourself slow down. The sun demon hits you!!
You are engulfed in flames!
* * * LOW HITPOINT WARNING * * *
The hornet stings you.
* * * LOW HITPOINT WARNING * * *
You feel as though you will be slow longer.
The sun demon hits you.
* * * LOW HITPOINT WARNING * * *
You are engulfed in flames!
* * * LOW HITPOINT WARNING * * *
The hornet stings you!
You die...

.......................## ##
.....<...##.......##..## #
....)....###....P.##.##
.........'.....P..##.######K#
.........#.....>.....#H...H.K
..##.....##....P.....K#
###########...)...o..#)oHy...
........35K.######.#
.......@yD..# ######'####..#
.>. #...# # ..... #....# #.
#..... #....# #..... ....#
#...... . #...... #


You could see a sun demon (summoned), a manticore, a kobold demonologist, a
hornet, a steam dragon, an iron imp (summoned), an orc wizard and a kobold.

Vanquished Creatures
  A deep elf pyromancer (D:7)
  A troll (D:7)
  Sigmund (D:2)
  6 yaks (D:5)
  Edmund (D:5)
  A water moccasin (D:7)
  An ice beast (D:7)
  2 sky beasts (D:7)
  A black bear (D:7)
  3 centaurs (D:7)
  2 ogres
  3 phantoms
  2 kobold brigands (D:7)
  2 bullfrogs
  A gnoll sergeant (D:7)
  3 scorpions (D:5)
  2 wights (D:7)
  A howler monkey (D:5)
  2 hounds
  An orc priest (D:5)
  A sleepcap (D:6)
  2 iguanas (D:7)
  2 orc wizards
  Terence (D:2)
  Robin (D:2)
  3 adders
  A shadow imp (D:7)
  2 ufetubi (D:6)
  2 worms (D:3)
  A dart slug (D:1)
  17 orcs
  5 bats
  5 endoplasms
  5 giant cockroaches
  15 goblins
  8 hobgoblins
  4 jackals (D:4)
  13 kobolds
  5 ball pythons
  3 frilled lizards
  3 rats
136 creatures vanquished.

Vanquished Creatures (others)
  4 toadstools (D:1)
4 creatures vanquished.

Grand Total: 140 creatures vanquished

Notes
Turn   | Place    | Note
-------+----------+-------------------------------------------
     0 | D:1      | kiwi3s the Minotaur Berserker began the quest for the Orb.
     0 | D:1      | Reached XP level 1. HP: 19/19 MP: 0/0
   157 | D:1      | Reached XP level 2. HP: 26/27 MP: 1/1
   824 | D:2      | Noticed Terence
   831 | D:2      | Killed Terence
   832 | D:2      | Reached XP level 3. HP: 26/33 MP: 2/2
   912 | D:2      | Reached ** piety under Trog
  1015 | D:2      | Noticed Sigmund
  1023 | D:2      | Killed Sigmund
  1024 | D:2      | Reached skill level 5 in Fighting
  1024 | D:2      | Reached XP level 4. HP: 42/42 MP: 3/3
  1024 | D:2      | Reached XP level 5. HP: 48/48 MP: 4/4
  1077 | D:2      | Noticed Robin
  1088 | D:2      | Reached skill level 5 in Axes
  1089 | D:2      | Killed Robin
  1494 | D:2      | Found an ornate altar of the Wu Jian Council.
  1884 | D:3      | Reached XP level 6. HP: 51/56 MP: 5/5
  2326 | D:3      | Found a broken altar of Ashenzari.
  3161 | D:5      | Entered Level 5 of the Dungeon
  3161 | D:5      | Noticed Edmund
  3176 | D:5      | Killed Edmund
  3177 | D:5      | Reached XP level 7. HP: 8/62 MP: 6/6
  3399 | D:5      | Reached skill level 5 in Armour
  3680 | D:5      | Reached skill level 5 in Dodging
  4086 | D:5      | Noticed a yak
  4086 | D:5      | Noticed a yak
  4086 | D:5      | Noticed a yak
  4086 | D:5      | Noticed a yak
  4086 | D:5      | Noticed a yak
  4087 | D:5      | Noticed a yak
  4100 | D:5      | Killed a yak
  4101 | D:5      | Reached XP level 8. HP: 71/71 MP: 7/7
  4103 | D:5      | Reached *** piety under Trog
  4135 | D:5      | HP: 3/74 [orc priest/+0 flail (7)]
  4142 | D:5      | HP: 2/74 [orc priest/+0 flail (9)]
  5160 | D:6      | Found an ornate altar of the Wu Jian Council.
  5160 | D:6      | Found a blossoming altar of Fedhas.
  5167 | D:6      | Found a radiant altar of Vehumet.
  5169 | D:6      | Found an iron altar of Okawaru.
  5171 | D:6      | Found a glowing golden altar of the Shining One.
  5266 | D:7      | Reached XP level 9. HP: 54/81 MP: 8/8
  5374 | D:7      | Found a staircase to the Ecumenical Temple.
  5616 | D:7      | Noticed a deep elf pyromancer
  5617 | D:7      | Noticed a troll
  5624 | D:7      | Killed a deep elf pyromancer
  5628 | D:7      | Killed a troll
  5818 | D:7      | Noticed a troll
  5818 | D:7      | Noticed a two-headed ogre
  5818 | D:7      | Noticed a cyclops
  5818 | D:7      | Noticed a manticore
  5819 | D:7      | Noticed a boulder beetle
  5827 | D:7      | Reached XP level 10. HP: 80/91 MP: 9/9
  5892 | D:7      | Noticed a manticore
  5892 | D:7      | Noticed a manticore
  5896 | D:7      | Noticed a sun demon
  5898 | D:7      | Paralysed by a hornet for 3 turns
  5900 | D:7      | Mangled by a hornet

Illustrated notes

Levels and vault maps discovered:
D:1:      ldierk_walled_garden_2, layout_basic
D:2:      layout_basic, basic_altar, uniq_robin, uniq_sigmund, uniq_terence
D:3:      layout_basic, mainiacjoe_overflow_alcove_4
D:4:      layout_loops_ring, chequers_serial_rivers_micro_e
D:5:      layout_loops_cross, uniq_edmund
D:6:      layout_basic, chequers_temple_overflow_minitemple
D:7:      minmay_the_grid_octo_tiled_squarecenter
          [minmay_the_grid_octo_pinwheel, minmay_the_grid_octo_horde,
          minmay_the_grid_octo_teeth, minmay_the_grid_octo_concentric,
          minmay_the_grid_square_5x5_megaprize_open,
          minmay_the_grid_square_5x5_beaten_path,
          minmay_the_grid_square_5x5_shuriken, minmay_the_grid_square_5x5_three,
          minmay_the_grid_square_5x5_eight_small], layout_gridville,
          minmay_temple_entry_overgrown

Skill      XL: |  1  2  3  4  5  6  7  8  9 |
---------------+----------------------------+-----
Fighting       | 4 5 6 8 9 |  9.5
Axes           | 4 5 6 7 9 |  9.4
Armour         | 3 4 6 7 9 |  9.0
Dodging        | 3 4 5 6 8 |  8.2

Action                     |  1- 3 |  4- 6 |  7- 9 | 10-12 || total
---------------------------+-------+-------+-------+-------++-------
  Melee: Hand axe          |    44 |   108 |   162 |       ||   314
         Headbutt          |     6 |    11 |    30 |       ||    47
         Punch             |       |     4 |     2 |       ||     6
 Invoke: Berserk           |     1 |     2 |     3 |       ||     6
         Trog's Hand       |       |       |     1 |       ||     1
    Use: Potion            |       |       |     4 |       ||     4
 Armour: Animal skin       |    14 |     4 |       |       ||    18
         Leather armour    |       |     7 |     6 |       ||    13
         Troll leather arm |       |       |     6 |       ||     6
  Dodge: Dodged            |    38 |    74 |   125 |     2 ||   239

Table legend: (Time is in decaauts)
 A = Elapsed time spent in this place.
 B = Non-inter-level travel time spent in this place.
 C = Inter-level travel time spent in this place.
 D = Time resting spent in this place.
 E = Time spent auto-exploring this place.
 F = Levels seen in this place.
 G = Mean time per level.
                   A        B        C        D        E       F      G
               +--------+--------+--------+--------+--------+-----+--------+
         Total |   5955 |   5680 |    275 |    282 |   4623 |   7 |  850.7 |
       Dungeon |   5955 |   5680 |    275 |    282 |   4623 |   7 |  850.7 |
               +--------+--------+--------+--------+--------+-----+--------+

Top non-repeatable levels by time:
     D:5: 1308 daAuts
     D:1: 866 daAuts
     D:2: 849 daAuts
     D:6: 809 daAuts
     D:3: 770 daAuts
     D:4: 710 daAuts
     D:7: 641 daAuts
